 Dungeon Crawl Stone Soup version 0.25-a0-737-g26c3a87c45 (webtiles) character file.

Game seed: 9158277014974115352, levelgen mode: classic

4733 Amnesiac the Frost Mage (level 10, 0/88 HPs)
             Began as a Ghoul Ice Elementalist on Apr 11, 2020.
             Was an Elder of Vehumet.
             Slain by a vampire (10 damage)
             ... on level 8 of the Dungeon.
             The game lasted 00:14:33 (8061 turns).

Amnesiac the Frost Mage (Ghoul Ice Elementalist)    Turns: 8061, Time: 00:14:34

Health: 0/88       AC:  8    Str: 13    XL:     10   Next: 46%
Magic:  18/18      EV: 11    Int: 13    God:    Vehumet [****..]
Gold:   382        SH:  0    Dex:  9    Spells: 9/21 levels left

rFire    + . .     SeeInvis .   b - +0 hunting sling
rCold    + + .     Gourm    .   (no shield)
rNeg     + + +     Faith    .   A - +3 leather armour {rC+}
rPois    ∞         Spirit   .   o - +0 helmet
rElec    .         Reflect  .   y - +0 cloak
rCorr    .         Harm     .   (no gloves)
MR       .....                  (no boots)
Stlth    +.........             (no amulet)
HPRegen  0.00/turn              f - ring of flight
MPRegen  0.16/turn              C - ring of protection from fire

@: rotting
A: rotting body, claws 1, carnivore, cold resistance 1, negative energy
resistance 3, inhibited regeneration, torment resistance, unbreathing
a: Renounce Religion, Evoke Flight


You were on level 8 of the Dungeon.
You worshipped Vehumet.
Vehumet was greatly pleased with you.
You were not hungry.

You visited 2 branches of the dungeon, and saw 9 of its levels.

You collected 382 gold pieces.

Inventory:

Hand Weapons
 a - a +2 dagger of venom
 b - a +0 hunting sling (weapon)
 j - a +4 halberd
 l - a +0 shortbow
 u - a +0 arbalest
 L - a +0 whip
Missiles
 t - 292 stones
 w - 133 arrows
 x - 21 sling bullets (quivered)
 E - 36 bolts
Armour
 o - a +0 helmet (worn)
 y - a +0 cloak (worn)
 A - a +3 leather armour of cold resistance (worn)
 I - a +0 buckler
Jewellery
 f - a ring of flight (left claw)
 C - a ring of protection from fire (right claw)
Wands
 z - a wand of iceblast (13)
 K - a wand of flame (28)
Scrolls
 e - 3 scrolls of remove curse {!r}
 k - a scroll of blinking {!r}
 m - 3 scrolls of magic mapping {!r}
 q - 3 scrolls of teleportation {!r}
 v - 2 scrolls of enchant weapon {!r}
 D - a scroll of fear {!r, unknown}
 F - a scroll of fog {!r, unknown}
 H - a scroll of immolation {!r, unknown}
 M - a scroll of identify {!r}
Potions
 d - 3 potions of heal wounds {!q, unknown}
 g - 2 potions of curing {!q}
 i - a potion of brilliance {!q, unknown}
 n - a potion of mutation {!q, unknown}
 p - a potion of cancellation {!q, unknown}
 r - a potion of stabbing {!q, unknown}
 s - 2 potions of flight {!q, unknown}
 B - a potion of lignification {!q, unknown}
 G - a potion of might {!q, unknown}
 J - a potion of degeneration {!q, unknown}
Comestibles
 c - 22 rations
 h - 14 chunks of flesh


   Skills:
 + Level 7.8 Fighting
 - Level 1.7 Dodging
 - Level 2.1 Stealth
 + Level 3.0 Shields
 + Level 6.3 Spellcasting
 * Level 11.9 Ice Magic


You had 9 spell levels left.
You knew the following spells:

 Your Spells              Type           Power        Failure   Level  Hunger
a - Freeze                Ice            ####         1%          1    None
b - Frozen Ramparts       Ice            #####.       1%          3    ###....
c - Summon Ice Beast      Ice/Summ       ###.....     19%         4    ####...
d - Hailstorm             Conj/Ice       ###.....     5%          4    ####...

Your spell library contained the following spells:

 Spells                   Type           Power        Failure   Level  Hunger
 Olgreb's Toxic Radiance  Pois           #.......     45%         4    ####...
 Sandblast                Erth           #.....       5%          1    None
 Ozocubu's Armour         Chrm/Ice       ###.....     5%          3    ###....
 Stone Arrow              Conj/Erth      #.....       16%         3    ###....
 Passwall                 Tmut/Erth      #.......     30%         2    #......
 Lee's Rapid Deconstruct  Erth           #.........   78%         5    ######.
 Petrify                  Tmut/Erth      #.......     90%         4    ####...


Dungeon Overview and Level Annotations

Branches:
Dungeon (8/15)             Temple (1/1) D:5
   Lair: D:8-11

Altars:
Ashenzari
Cheibriados
Dithmenos
Elyvilon
Fedhas
Gozag
Kikubaaqudgha
Makhleb
Nemelex Xobeh
Okawaru
Qazlal
Ru
Sif Muna
Trog
Uskayaw
Vehumet
Wu Jian
Xom
Yredelemnul
Zin
The Shining One

Shops:
D:3 *   D:7 %

Annotations:
D:8 1 transporter, kae's ghost, novice DrTm


Innate Abilities, Weirdness & Mutations

Your body is rotting away.
You thrive on raw meat.
You are immune to poison.
You have sharp fingernails.
You are carnivorous and can eat meat at any time.
Your flesh is cold resistant. (rC+)
You are immune to negative energy. (rN+++)
You do not regenerate when monsters are visible.
You are immune to unholy pain and torment.
You can survive without breathing.


Message History

There is an open door here.
Kae's ghost turns its malevolent gaze towards you.
There is a transporter here.
Press: ? - help, v - describe, . - travel
Here: kae's ghost (fire blocked by a translucent stone wall)
The floor.
Unknown command.
Press: ? - help, v - describe, . - travel
Here: kae's ghost (fire blocked by a translucent stone wall)
The floor.
You enter the transporter and appear at another place.
t - 269 stones (gained 17)
The spectral worker ant bites you.
The spectral worker ant closely misses you.
The vampire casts a spell.
The vampire flickers and vanishes!
Deactivating autopickup; reactivate with Ctrl-A.
The spectral worker ant bites you.
You see here a scroll of identify {!r}.
M - a scroll of identify {!r} The spectral worker ant bites you.
Press: ? - help, v - describe, . - travel
Here: kae's ghost The floor.
Press: ? - help, v - describe, . - travel The floor.
The spectral worker ant bites you.
The spectral worker ant closely misses you.
You see here 23 stones.
t - 292 stones (gained 23) Kae's ghost hits you!
The spectral worker ant bites you. Kae's ghost hits you.
You hear some strange, mumbled words.
You are confused.
You see here 19 gold pieces.
You now have 382 gold pieces (gained 19).
The spectral worker ant bites you but does no damage.
Kae's ghost hits you. Something hits you. Something bites you!
You clumsily bash something but do no damage.
The spectral worker ant closely misses you.
Kae's ghost closely misses you. Something hits you. Something bites you.
* * * LOW HITPOINT WARNING * * *
The spectral worker ant bites you but does no damage.
Kae's ghost closely misses you.
You clumsily bash kae's ghost but do no damage.
The spectral worker ant bites you but does no damage.
Something hits you.
* * * LOW HITPOINT WARNING * * *
Something bites you but does no damage. Kae's ghost hits you.
* * * LOW HITPOINT WARNING * * *
The spectral worker ant bites you.
* * * LOW HITPOINT WARNING * * *
Something hits you!
* * * LOW HITPOINT WARNING * * *
Something bites you!
* * * LOW HITPOINT WARNING * * *
Really quaff
g - 3 potions of curing {!q}?
You feel better.
Kae's ghost hits you but does no damage.
The spectral worker ant bites you but does no damage.
Something hits you!
* * * LOW HITPOINT WARNING * * *
Something bites you!
You die...

#.>...........
#.............
#.............
#######.....####'##
##...############.##
#######...................
#.......©.................
#.#############...........
#.#.....Z@....#.....<.....
#.#.....W.W...#...........
#.#..##...##..#)...###..##
#.#..#8...8#..#)##########
#.#..##...##..#...........
#.#.....©.....#.).........
#.#..##...##..#...........
#.#..#8...8#$.#....>##...#
#.#..##...##..#.....##...#


You could see a spectral worker ant, a phantom and kae's ghost.

Vanquished Creatures
  A moth of wrath (D:7)
  Grinder (D:6)
  2 yaks (D:8)
  2 hogs (D:8)
  A human (D:8)
  4 ice beasts
  A phantom (D:6)
  2 necrophages
  2 sky beasts
  An ogre (D:7)
  4 centaurs
  A crocodile (D:8)
  6 bullfrogs
  5 killer bees (D:8)
  A howler monkey (D:8)
  9 wights
  2 vampire bats (D:3)
  A crimson imp (D:6)
  A quasit (D:6)
  3 orc priests
  A bullfrog zombie (D:5)
  7 orc wizards
  A jelly (D:6)
  3 hounds
  Jessica (D:2)
  A bullfrog skeleton (D:6)
  2 centaur skeletons
  Ijyb (D:3)
  An iguana (D:6)
  6 worker ants
  Robin (D:2)
  3 gnolls (D:6)
  A howler monkey skeleton (D:7)
  9 adders
  4 shadow imps
  2 oozes
  An adder zombie (D:6)
  4 worms
  A dart slug (D:1)
  7 leopard geckos
  14 orcs
  3 bats
  3 bat skeletons (D:3)
  2 bat zombies (D:3)
  6 giant cockroaches
  17 goblins
  9 hobgoblins
  10 jackals
  3 quokkas
  A ball python zombie (D:6)
  4 frilled lizards
  A jackal skeleton (D:4)
  8 kobolds
  A leopard gecko zombie (D:4)
  9 rats
198 creatures vanquished.

Notes
Turn   | Place    | Note
-------+----------+-------------------------------------------
     0 | D:1      | Amnesiac the Ghoul Ice Elementalist began the quest for the
                  | Orb.
     0 | D:1      | Reached XP level 1. HP: 14/14 MP: 2/2
    74 | D:2      | Noticed Jessica
    84 | D:2      | Killed Jessica
    84 | D:2      | Reached skill level 5 in Ice Magic
    84 | D:2      | Reached XP level 2. HP: 15/20 MP: 0/4
    84 | D:2      | Reached XP level 3. HP: 20/26 MP: 0/5
    91 | D:2      | Learned a level 3 spell: Frozen Ramparts
   164 | D:2      | Found a snail-covered altar of Cheibriados.
   164 | D:2      | Found a blossoming altar of Fedhas.
   164 | D:2      | Found a hide-covered altar of Uskayaw.
   301 | D:3      | Reached XP level 4. HP: 17/32 MP: 1/6
   402 | D:3      | Found Zin's Purification Station.
   406 | D:3      | Found a glowing silver altar of Zin.
   515 | D:5      | Entered Level 5 of the Dungeon
   531 | D:4      | Reached skill level 6 in Ice Magic
   544 | D:4      | Reached XP level 5. HP: 38/38 MP: 1/8
   651 | D:5      | Noticed a centaur
   652 | D:5      | Found a staircase to the Ecumenical Temple.
   671 | D:5      | Killed a centaur
   671 | D:5      | Reached XP level 6. HP: 18/45 MP: 0/9
   695 | Temple   | Entered the Ecumenical Temple
   716 | Temple   | Became a worshipper of Vehumet
   737 | D:5      | Reached skill level 7 in Ice Magic
  1873 | D:2      | Noticed Robin
  1881 | D:2      | Reached * piety under Vehumet
  1881 | D:2      | Offered knowledge of Magic Dart by Vehumet.
  1886 | D:2      | Killed Robin
  2201 | D:2      | Offered knowledge of Foxfire by Vehumet.
  2395 | D:3      | Reached ** piety under Vehumet
  2563 | D:3      | Noticed Ijyb
  2571 | D:3      | Reached XP level 7. HP: 27/50 MP: 2/11
  2577 | D:3      | Killed Ijyb
  2596 | D:3      | Found an ancient bone altar of Kikubaaqudgha.
  3085 | D:4      | Reached skill level 8 in Ice Magic
  3390 | D:4      | Found a shadowy altar of Dithmenos.
  3539 | D:5      | Reached skill level 9 in Ice Magic
  3578 | D:5      | Reached XP level 8. HP: 44/57 MP: 13/13
  4047 | D:6      | Offered knowledge of Inner Flame by Vehumet.
  4175 | D:6      | Noticed Grinder
  4180 | D:6      | Paralysed by Grinder for 4 turns
  4208 | D:6      | Killed Grinder
  4208 | D:6      | Reached skill level 5 in Spellcasting
  4208 | D:6      | Reached skill level 10 in Ice Magic
  4225 | D:6      | Learned a level 4 spell: Summon Ice Beast
  4302 | D:6      | Learned a level 4 spell: Hailstorm
  4414 | D:6      | Reached skill level 1 in Fighting
  4851 | D:6      | Reached *** piety under Vehumet
  5010 | D:6      | Reached skill level 5 in Fighting
  5010 | D:6      | Reached XP level 9. HP: 68/74 MP: 15/15
  5059 | D:6      | Found a shattered altar of Ashenzari.
  5164 | D:7      | Found Ulum's Food Boutique.
  5185 | D:7      | Offered knowledge of Olgreb's Toxic Radiance by Vehumet.
  6214 | D:7      | Noticed a moth of wrath
  6216 | D:7      | Found a bloodstained altar of Trog.
  6698 | D:7      | Killed a moth of wrath
  7280 | D:8      | Reached skill level 1 in Shields
  7334 | D:8      | Reached skill level 11 in Ice Magic
  7385 | D:8      | Found a transporter.
  7423 | D:8      | Found a transporter.
  7423 | D:8      | Noticed kae's ghost (novice DrTm)
  7457 | D:8      | Reached XP level 10. HP: 80/86 MP: 17/17
  7581 | D:8      | Found a burning altar of Makhleb.
  7742 | D:8      | Reached **** piety under Vehumet
  8061 | D:8      | Slain by a vampire

Levels and vault maps discovered:
D:1:      saegor_arrival_simple_b, layout_loops_ring
D:2:      cheibrodos_helix_gallery, layout_basic,
          gammafunk_temple_overflow_claw, uniq_robin, uniq_jessica
D:3:      layout_basic, kennysheep_vampire_church, zin_purify,
          serial_bayou_lagoon_a, uniq_ijyb
D:4:      layout_rooms, lemuel_round_altar, first_ration
D:5:      layout_loops_ring, minmay_temple_entry_statues_pillars
D:6:      layout_loops_corners, marbit_many_paths, uniq_grinder
D:7:      layout_layer_cave, tgw_trog, serial_shops, nicolae_shop_stone
D:8:      layout_gridville, gammafunk_ghost_mausoleum, basic_altar,
          grunt_livestock
Temple:   cyrus_circular_temple

Skill      XL: |  1  2  3  4  5  6  7  8  9 10 |
---------------+-------------------------------+-----
Spellcasting   | 2 3 4 5 6 |  6.3
Ice Magic      | 5 6 7 9 10 11 | 11.9
Fighting       | 5 7 |  7.8
Shields        | 1 3 |  3.0
Dodging        | |  1.7
Stealth        | |  2.1

Action                   |  1- 3 |  4- 6 |  7- 9 | 10-12 || total
-------------------------+-------+-------+-------+-------++-------
Melee: Unarmed           |    19 |    28 |       |       ||    47
       Dagger            |       |    48 |   113 |       ||   161
       Hunting sling     |       |       |       |     2 ||     2
 Fire: Shortbow          |       |    60 |       |       ||    60
       Arbalest          |       |       |   150 |       ||   150
       Hunting sling     |       |       |    52 |    62 ||   114
 Cast: Freeze            |     6 |    50 |    27 |    18 ||   101
       Frozen Ramparts   |     2 |     9 |    16 |     5 ||    32
       Hailstorm         |       |       |    17 |       ||    17
  Use: Scroll            |       |       |     8 |       ||     8
       Potion            |       |       |       |     1 ||     1
 Stab: Sleeping          |       |     1 |       |       ||     1
  Eat: Chunk             |     5 |    14 |    22 |     8 ||    49
Armor: Robe              |     3 |     2 |       |       ||     5
       Ring mail         |       |    57 |   133 |       ||   190
       Leather armour    |       |       |    11 |    38 ||    49
Dodge: Dodged            |    24 |   101 |   200 |    43 ||   368

Table legend:
 A = Non-vault XP
 B = Vault XP
 C = Vault XP percentage of total XP
 D = Non-vault monster count
 E = Vault monster count
 F = Vault count percentage of total count
                 A         B        C        D         E       F
            +---------+---------+-------+---------+---------+-------
      Total |    4712 |    2050 |  30.3 |     163 |      35 |  17.7
            +---------+---------+-------+---------+---------+-------
        D:1 |      35 |       0 |   0.0 |      22 |       0 |   0.0
        D:2 |      78 |      75 |  49.0 |      21 |      14 |  40.0
        D:3 |      65 |     153 |  70.2 |       8 |       8 |  50.0
        D:4 |     326 |       0 |   0.0 |      20 |       0 |   0.0
        D:5 |     538 |       0 |   0.0 |      20 |       0 |   0.0
        D:6 |     961 |     321 |  25.0 |      23 |       2 |   8.0
        D:7 |     642 |     489 |  43.2 |      14 |       6 |  30.0
        D:8 |    2067 |    1012 |  32.9 |      35 |       5 |  12.5
            +---------+---------+-------+---------+---------+-------
